 Dungeon Crawl Stone Soup version 0.20.1-1-g8b1a95d (webtiles) character file.

910750 Monsterracer the End of an Era (level 27, -1/224 HPs)
             Began as a Demonspawn Fighter on Oct 18, 2017.
             Was the Champion of Qazlal.
             Killed from afar by a Hell Sentinel (46 damage)
             ... with damnation
             ... on level 7 of the Iron City of Dis on Oct 19, 2017.
             The game lasted 03:44:30 (76317 turns).

Monsterracer the End of an Era (DsFi)              Turns: 76317, Time: 03:44:30

Health: -1/224     AC: 26    Str: 28    XL:     27
Magic:  0/49       EV: 25    Int: 16    God:    Qazlal [******]
Gold:   3748       SH: 41    Dex: 16    Spells: 13/45 levels left

rFire    + + +     SeeInvis +   a - +9 broad axe (elec)
rCold    + + .     Gourm    .   k - +7 large shield of Fedhas {rN+ SInv}
rNeg     + + +     Faith    .   L - +2 pearl dragon scales
rPois    +         Spirit   +   R - +2 hat {MR+}
rElec    +         Reflect  .   z - +2 cloak {+Inv}
rCorr    .         Harm     .   r - +2 pair of gloves {Dex+3}
MR       ++++.                  (boots unavailable)
Stlth    ..........             P - amulet of regeneration
Regen    1.9/turn               e - ring of Purphoc {rF+ MP+9 Int+3 Slay+3}
MPRegen  0.7/turn               F - ring of protection from cold

@: protected from fire, flying, regenerating, repel missiles
A: claws 1, fangs 1, horns 1, talons 3, clever 1, cold resistance 1, deformed
body, fire resistance 1, frail 1, icemail, magic resistance 1, negative energy
resistance 1, poison resistance, electricity resistance, 50% torment resistance,
wild magic 1, evolution 2, magic shield, magic regeneration, magic link, black
mark, freezing cloud immunity, sturdy frame 3
}: 5/15 runes: serpentine, barnacled, slimy, silver, bone
a: Upheaval, Elemental Force, Disaster Area, Renounce Religion, Evoke
Invisibility


You were on level 7 of the Iron City of Dis.
You worshipped Qazlal.
Qazlal was exalted by your worship.
You were not hungry.

You visited 14 branches of the dungeon, and saw 72 of its levels.
You visited 2 bazaars.
You also visited: Trove, Ossuary and Desolation.

You collected 11905 gold pieces.
You spent 8157 gold pieces at shops.

Inventory:

Hand Weapons
 a - a +9 broad axe of electrocution (weapon)
 b - a +4 broad axe of freezing
Armour
 k - the +7 large shield of Fedhas (worn) {rN+ SInv}
   (You found it on level 5 of the Pits of Slime)

   It protects you from negative energy.
   It lets you see invisible.
 r - a +2 pair of gloves of dexterity (worn)
 z - a +2 cloak of invisibility (worn)
 L - +2 pearl dragon scales (worn)
 M - a +0 helmet of see invisible
 R - a +2 hat of magic resistance (worn)
Jewellery
 e - the ring of Purphoc (left hand) {rF+ MP+9 Int+3 Slay+3}
   (You took it off a yaktaur captain on level 4 of the Depths)

   [ring of magical power]

   It affects your intelligence (+3).
   It affects your accuracy and damage with ranged weapons and melee attacks
   (+3).
   It protects you from fire.
   It affects your magic capacity (+9).
 j - the necklace of Bloodlust {*Rage +Rage MR++ Int-3 Slay+6 *Curse}
   (You found it in a treasure trove)

   [amulet of rage]

   It affects your intelligence (-3).
   It affects your accuracy and damage with ranged weapons and melee attacks
   (+6).
   It affects your resistance to hostile enchantments.
   It lets you go berserk.
   It may make you go berserk in combat.
   It curses itself when equipped.
 t - the ring of the Quahog {+Fly MR- Str+3 Int+4 Dex+6, unknown}
   (You found it on level 7 of the Iron City of Dis)

   [ring of flight]

   It affects your strength (+3).
   It affects your intelligence (+4).
   It affects your dexterity (+6).
   It affects your resistance to hostile enchantments.
   It lets you fly.
 u - an uncursed ring of resist corrosion
 y - the ring "Arphyuv" {rCorr *Contam rF+++ Dex+7}
   (You took it off a naga on level 1 of the Snake Pit)

   [ring of resist corrosion]

   It affects your dexterity (+7).
   It renders you almost immune to fire.
   It causes magical contamination when unequipped.
 F - a ring of protection from cold (right hand)
 G - the ring of Liuriw {+Inv MP+9 Int+3 Dex+3}
   (You found it in a treasure trove)

   [ring of magical power]

   It affects your intelligence (+3).
   It affects your dexterity (+3).
   It affects your magic capacity (+9).
   It lets you turn invisible.
 I - the amulet "Quolouf" {+Rage rElec rPois}
   (You found it on level 1 of the Shoals)

   [amulet of rage]

   It insulates you from electricity.
   It protects you from poison.
   It lets you go berserk.
 O - a +2 ring of slaying
 P - an amulet of regeneration (around neck)
Wands
 U - a wand of digging (14/24)
 X - a wand of digging (8/24)
Scrolls
 c - 22 scrolls of recharging
 i - 6 scrolls of identify
 n - 7 scrolls of fog
 o - 11 scrolls of amnesia
 p - 6 scrolls of fear
 v - 28 scrolls of remove curse
 B - 6 scrolls of blinking
 C - 29 scrolls of teleportation
 J - 7 scrolls of magic mapping
 V - 2 scrolls of enchant weapon
Potions
 d - 11 potions of brilliance
 g - 12 potions of mutation {!q}
 m - 25 potions of curing
 q - 7 potions of resistance
 s - 6 potions of flight
 w - 6 potions of haste
 D - 6 potions of invisibility
 E - 4 potions of cancellation {!q}
 H - 3 potions of ambrosia {!q}
 K - 14 potions of heal wounds
 N - 9 potions of agility
 Q - 7 potions of might
 W - 3 potions of magic
Comestibles
 f - 24 bread rations
 h - 20 royal jellies
 l - 27 meat rations


   Skills:
 O Level 27 Fighting
 - Level 20.9 Axes
 + Level 20.4 Armour
 + Level 19.4 Dodging
 * Level 24.4 Shields
 - Level 9.6 Spellcasting
 - Level 4.0 Hexes
 - Level 7.0 Charms
 + Level 3.3 Summonings
 - Level 7.0 Necromancy
 - Level 10.9 Translocations
 - Level 2.7 Earth Magic
 O Level 27 Invocations
 - Level 5.0 Evocations


You had 13 spell levels left.
You knew the following spells:

 Your Spells              Type           Power        Failure   Level  Hunger
a - Sublimation of Blood  Necr           #####.....   1%          2    None
b - Passwall              Tmut/Erth      ###.......   14%         2    None
c - Regeneration          Chrm/Necr      #####.....   3%          3    None
d - Passage of Golubria   Tloc           N/A          2%          4    ###....
e - Blink                 Tloc           N/A          1%          2    None
f - Spectral Weapon       Hex/Chrm       ####....     6%          3    None
g - Summon Butterflies    Summ           ###.....     4%          1    None
h - Song of Slaying       Chrm           #####...     1%          2    None
i - Statue Form           Tmut/Erth      ###......    100%        6    ######.
y - Deflect Missiles      Chrm/Air       ###.......   99%         6    ######.
z - Apportation           Tloc           ######       1%          1    None


Dungeon Overview and Level Annotations

Branches:
Dungeon (15/15)            Temple (0/1) D:7            Lair (6/6) D:10
 Shoals (4/4) Lair:4        Snake (4/4) Lair:3        Slime (5/5) Lair:5
    Orc (2/2) D:12            Elf (3/3) Orc:2        Vaults (5/5) D:13
  Crypt (3/3) Vaults:3       Tomb (0/3) Crypt:3      Depths (5/5) D:15
   Hell (1/1)                 Dis (7/7) Hell            Geh (0/7) Hell
    Coc (0/7) Hell            Tar (7/7) Hell            Zot (5/5) Depths:5

Altars:
Elyvilon
Fedhas
Kikubaaqudgha
Qazlal
Sif Muna
Vehumet
Xom
Yredelemnul
Zin
Beogh
Jiyva

Shops:
D:10 *   D:11 =   D:14 }   Orc:2 }}(!?   Elf:2 :   Elf:3 (   Vaults:1 !
Depths:2 [   Depths:5 =}=

Portals:
Hell: Depths:1 Depths:2 Depths:3 Depths:4 Depths:5
Abyss: Depths:4
Pandemonium: Depths:3
Ziggurat: Depths:5


Innate Abilities, Weirdness & Mutations

You have claws for feet.
Your flesh is cold resistant. (rC+)
A meltable icy envelope protects you from harm. (AC +0)
You resist negative energy. (rN+)
You are somewhat able to resist unholy torments (1 in 2 success).
When hurt, damage is shared between your health and your magic reserves.
You regenerate magic rapidly.
When low on magic, you restore magic in place of health.
Your melee attacks may debilitate your foes.
You are immune to freezing clouds.
Your movements are significantly less encumbered by armour. (ER -6)
You have sharp fingernails.
You have very sharp teeth.
You have a pair of small horns on your head.
Your mind is acute. (Int +2)
Armour fits poorly on your strangely shaped body.
Your flesh is heat resistant. (rF+)
You are frail. (-10% HP)
You are resistant to hostile enchantments. (MR+)
Your system is resistant to poisons. (rPois)
You are resistant to electric shocks. (rElec)
Your spells are a little harder to cast, but a little more powerful.
You rapidly evolve.


Message History

You bite the Brimstone Fiend, but do no damage.
The Brimstone Fiend is moderately wounded.
Your skin is crawling a little less now.
You block the Brimstone Fiend's attack.
The Brimstone Fiend hits you but does no damage.
You block the Brimstone Fiend's attack.
An Ice Fiend comes into view.
You cut the Brimstone Fiend into ribbons!!!
Lightning courses through the Brimstone Fiend!
You claw the Brimstone Fiend!
Your headbutt misses the Brimstone Fiend.
The Brimstone Fiend is almost dead.
The Ice Fiend calls on the powers of darkness!
You feel a surge of unholy energy.
You barely miss the Brimstone Fiend.
You claw the Brimstone Fiend, but do no damage.
You headbutt the Brimstone Fiend.
The Brimstone Fiend is almost dead.
The Brimstone Fiend gestures at you.
The sphere of damnation explodes!
The damnation engulfs you!
* * * LOW HITPOINT WARNING * * *
The damnation engulfs the Brimstone Fiend.
The Brimstone Fiend completely resists.
A Hell Sentinel comes into view.
Huge Dmg: -12%(-27hp) hp: 37%(82hp)
Aiming: Upheaval
Press: ? - help, Dir - move target cursor, f - Ice Fiend
Aim: an Ice Fiend A storm cloud blasts the area with cutting wind!
The cutting wind hits the Ice Fiend.
The Ice Fiend gets badly buffeted.
The Ice Fiend is lightly wounded.
Qazlal accepts your kill.
You feel a bit more experienced.
The cutting wind hits the Hell Sentinel.
The Hell Sentinel is moderately wounded.
The cutting wind hits the Brimstone Fiend.
The Brimstone Fiend gets badly buffeted.
You kill the Brimstone Fiend!
Qazlal accepts your kill.
The Ice Fiend is struck by lightning.
Aiming: Upheaval
Press: ? - help, Dir - move target cursor, p - Ice Fiend Magma suddenly erupts from the ground!
The blast of magma engulfs the Ice Fiend.
The Ice Fiend is burned terribly!
The Ice Fiend is severely wounded.
The blast of magma engulfs the Hell Sentinel.
The Hell Sentinel partially resists.
The Hell Sentinel is heavily wounded.
You hear a screech!
The Ice Fiend gestures at you.
You hear a sizzling sound!
Casting: Regeneration
Confirm with . or Enter, or press ? or * to list all spells.
Your skin crawls.
You slice the Ice Fiend like a ripe choko!!!
You kill the Ice Fiend!
Qazlal accepts your kill. Why would you want to do that?
Aiming: Upheaval
Press: ? - help, Dir - move target cursor Magma suddenly erupts from the ground!
The blast of magma engulfs the Hell Sentinel.
The Hell Sentinel partially resists.
The Hell Sentinel is severely wounded.
Something shouts, "I shall devour thy neck!"
Aiming: Upheaval
Press: ? - help, Dir - move target cursor, f - Hell Sentinel
Aim: a Hell Sentinel (severely wounded) That beam is likely to hit you.
Continue anyway?
Magma suddenly erupts from the ground!
The blast of magma engulfs the Hell Sentinel.
The Hell Sentinel partially resists.
The Hell Sentinel is severely wounded.
The blast of magma engulfs you!
Your icy envelope dissipates!
You partially resist.
You feel protected from fire.
* * * LOW HITPOINT WARNING * * *
* * * LOW MAGIC WARNING * * *
Huge Dmg: -17%(-37hp) hp: 22%(49hp)
Aiming: Upheaval
Press: ? - help, Dir - move target cursor, p - Hell Sentinel Magma suddenly erupts from the ground!
The blast of magma engulfs the Hell Sentinel.
The Hell Sentinel partially resists.
The Hell Sentinel is severely wounded.
* * * LOW MAGIC WARNING * * *
You feel very buoyant.
You fly up into the air.
The Hell Sentinel gestures at you.
The sphere of damnation explodes!
The damnation engulfs you!
* * * LOW MAGIC WARNING * * *
* * * LOW HITPOINT WARNING * * *
Huge Dmg: -14%(-32hp) hp: 8%(17hp)
You feel much better. The Hell Sentinel gestures at you.
The sphere of damnation explodes!
The damnation engulfs you!
* * * LOW MAGIC WARNING * * *
You die...

*,,,,,,,,,****,,#......#
*,,,,***,,,* **.##.....#
*,,***,,,#.** *..#.....#
*,,**8,,,...* ##'###...#
*,**8,,,,...#*#.≈.#....#
*,**,,,*,#..≈##≈..##...#
*,*,,,,,,...≈'§§8.#....#
*,*,,,,,,..≈≈'1≈8.#....#
*,**,,,*,*,,,*#§@.##...#
*,**8,,,,,,,**#.≈.#....#
*,,**8,,,,,,* ##§###...#
*,,***,,,*,** #..#.....#
*,,,,***,,,* ##.##.....#
*,,,,,,,,,**##..#......#
#**********##..##......#
############..##.......#
..#......#...##...^....#


You could see a Hell Sentinel.

Vanquished Creatures
  Ereshkigal (Tar:7)
  Dissolution (Slime:2)
  the Royal Jelly (Slime:5)
  the Serpent of Hell (Dis:7)
  6 orbs of fire
  Mara (Vaults:1)
  Mennas (Depths:3)
  12 ancient liches
  Sojobo (Vaults:2)
  A caustic shrike (shapeshifter) (Depths:4)
  Geryon (Hell)
  3 curse toes
  5 golden dragons
  A caustic shrike (Depths:2)
  4 Killer Klowns
  15 bone dragons
  27 Tzitzimimeh
  13 doom hounds
  2 electric golems (Zot:5)
  Jorgrun (Crypt:2)
  5 Brimstone Fiends
  13 iron giants
  Rupert (D:12)
  A hellephant (Depths:5)
  5 Hell Sentinels (Dis:7)
  15 tentacled monstrosities
  25 Orb Guardians (Zot:5)
  Asterion (Depths:2)
  2 titans
  Murray (Hell)
  4 Ice Fiends
  3 deep elf master archers
  17 liches
  3 deep elf blademasters (Elf:3)
  8 quicksilver dragons
  Kirke (Lair:6)
  19 ancient champions
  11 sphinxes
  19 acid blobs
  A sphinx (shapeshifter) (Vaults:4)
  37 shadow dragons
  11 death cobs
  2 eldritch tentacles
  A draconian monk (Zot:1)
  11 storm dragons
  An azure jelly (shapeshifter) (Vaults:5)
  11 tengu reavers
  2 revenants
  9 nagarajas
  7 iron dragons
  9 fire giants
  Ilsuiw (Shoals:4)
  7 azure jellies
  3 cacodemons
  3 daevas (Depths:3)
  11 frost giants
  3 draconian knights
  A juggernaut zombie (Hell)
  An orc warlord (Orc:1)
  A balrug (Dis:7)
  11 vault wardens
  15 deep elf sorcerers
  9 draconian scorchers
  2 curse skulls (Crypt:2)
  3 ghost moths (Depths:4)
  3 deep elf elementalists (Elf:3)
  5 draconian shifters
  Aizul (Crypt:1)
  A spriggan defender (D:15)
  15 very ugly things
  A ghoul (Crypt:3)
  3 angels (Depths:3)
  48 reapers
  12 ironheart preservers
  30 stone giants
  An entropy weaver (shapeshifter) (Depths:2)
  3 draconian annihilators
  37 war gargoyles
  6 draconian stormcallers
  6 vampire knights
  6 deep elf demonologists
  10 green draconians
  11 deep elf annihilators
  3 lorocyprocas (Depths:4)
  8 black draconians
  A dire elephant (D:15)
  9 white draconians
  14 yellow draconians
  17 spark wasps
  13 purple draconians
  7 red draconians
  5 blizzard demons
  6 merfolk javelineers
  4 crystal guardians
  6 death oozes
  2 green deaths
  14 ettins
  3 jiangshi
  10 merfolk impalers
  5 deep elf death magi
  Snorg (Elf:3)
  15 fire dragons
  17 deep elf high priests
  A quicksilver dragon zombie (Crypt:3)
  20 yaktaur captains
  13 great orbs of eyes
  2 ragged hierophants (Desolation)
  15 naga warriors
  5 hydras
  A quicksilver dragon skeleton (Tar:7)
  A hydra (shapeshifter) (Vaults:5)
  9 ice dragons
  A hell beast (Dis:7)
  6 rakshasas
  5 spriggan air magi
  3 catoblepae
  28 vault guards
  A merfolk avatar (Shoals:4)
  15 centaur warriors
  An alligator snapping turtle (Shoals:4)
  5 ghost crabs
  15 anacondas
  44 two-headed ogres
  3 merfolk aquamancers
  3 death knights
  13 death yaks
  A two-headed ogre (shapeshifter) (Depths:4)
  2 satyrs
  9 deep troll shamans
  12 deep troll earth magi
  10 vampire magi
  15 ogre magi
  3 orc high priests (Orc:2)
  2 small abominations (Elf:3)
  35 dancing weapons
  6 titan zombies
  14 naga sharpshooters
  10 tengu warriors
  14 hell knights
  8 spriggan berserkers
  22 deep elf knights
  10 shock serpents
  9 hell hogs
  8 iron golems
  3 storm dragon zombies
  Sonja (D:13)
  6 sun demons
  4 golden dragon zombies
  15 shadow wraiths
  2 titan skeletons
  25 soul eaters
  12 iron trolls
  105 skeletal warriors
  10 flayed ghosts
  A storm dragon skeleton (Vaults:2)
  A glowing orange brain (Depths:5)
  A large abomination (Elf:3)
  7 salamander mystics
  2 spark wasp zombies (Hell)
  A kraken simulacrum (Shoals:4)
  5 anaconda zombies
  11 sea snakes
  20 shadow demons
  4 unseen horrors
  A swamp dragon (shapeshifter) (Depths:2)
  6 cherubim (Depths:3)
  8 naga ritualists
  14 phantasmal warriors
  A ghost moth zombie (Dis:4)
  28 deep trolls
  The ghost of Irenicus the Martial Artist, a novice OpCK of Xom (D:9)
  4 lindwurms (Snake:4)
  An anaconda skeleton (Tar:4)
  19 deep elf archers
  16 ironbrand convokers
  3 shadow dragon zombies
  4 wizards
  27 harpies
  A tengu zombie (Vaults:2)
  A golden dragon skeleton (Tar:7)
  20 orc knights
  5 frost giant zombies
  14 cyclopes
  3 iron dragon zombies
  61 deep elf magi
  16 mana vipers
  3 shining eyes
  7 stone giant zombies
  8 orc sorcerers
  An orb spider (shapeshifter) (Depths:2)
  6 human zombies
  4 fire giant zombies
  4 wolf spiders
  2 shadow dragon skeletons
  A cyclops (shapeshifter) (Vaults:4)
  13 necromancers
  40 ugly things
  20 manticores
  A faun (shapeshifter) (Vaults:3)
  11 salamanders
  4 fauns
  A sphinx skeleton (Vaults:2)
  2 moths of wrath (shapeshifter)
  3 iron dragon skeletons
  25 moths of wrath
  3 stone giant skeletons
  2 shock serpent zombies
  5 elephants
  11 guardian serpents
  31 rust devils
  6 frost giant skeletons
  An ice statue (Depths:3)
  10 vault sentinels
  13 merfolk sirens
  A black mamba (shapeshifter) (D:14)
  2 torpor snails
  3 smoke demons (Hell)
  An eye of devastation (Slime:5)
  A water nymph (shapeshifter) (Depths:4)
  8 water nymphs
  29 black mambas
  A guardian serpent (shapeshifter) (Depths:2)
  21 naga magi
  3 fire giant skeletons
  4 dire elephant zombies
  3 molten gargoyles
  3 gargoyles
  4 dire elephant skeletons
  An orange demon (Hell)
  A shock serpent skeleton (Crypt:3)
  15 hellions
  2 yaktaur zombies (Hell)
  The ghost of Frank the Skirmisher, a novice OpFi (D:6)
  22 spiny frogs
  33 tormentors
  50 yaktaurs
  20 ice devils
  An anaconda simulacrum (Hell)
  3 rime drakes
  A komodo dragon (shapeshifter) (Depths:2)
  7 komodo dragons
  7 tengu conjurers
  21 freezing wraiths
  4 hydra zombies
  A hellwing (Dis:4)
  8 red devils
  2 guardian mummies (D:10)
  A polar bear (shapeshifter) (D:15)
  4 meliai
  A silent spectre (Tar:2)
  8 hornets
  4 trolls
  8 wind drakes
  A wolf spider simulacrum (D:13)
  4 tyrant leeches (Lair:6)
  31 merfolk
  3 hydra skeletons
  2 alligator zombies
  111 slime creatures
  13 hippogriffs
  7 saltlings
  A fire giant simulacrum (Crypt:1)
  14 snapping turtles
  2 ice dragon zombies (Hell)
  122 flying skulls
  25 blink frogs
  7 dream sheep
  3 ettin zombies
  2 fire dragon zombies
  A frost giant simulacrum (Tar:7)
  A spriggan (shapeshifter) (Vaults:2)
  20 shadows
  2 alligator skeletons
  A shock serpent simulacrum (Crypt:1)
  8 redbacks (Depths:5)
  An ice dragon skeleton (Crypt:1)
  4 spriggans
  2 vampires (Dis:4)
  3 ettin skeletons
  18 water elementals
  A tarantella (shapeshifter) (Depths:2)
  7 air elementals
  5 wyverns
  3 fire dragon skeletons
  47 yaks
  21 wraiths
  10 fire elementals
  A human (D:10)
  A fire bat (shapeshifter) (Depths:4)
  8 golden eyes
  A basilisk (D:15)
  4 hogs (Lair:6)
  2 hungry ghosts (D:12)
  A chaos spawn (Zot:2)
  7 wargs
  6 vampire mosquitoes
  An acid dragon (D:13)
  3 soldier ants
  An acid dragon (shapeshifter) (Depths:3)
  6 insubstantial wisps (Depths:1)
  45 nagas
  A naga (shapeshifter) (Vaults:1)
  A two-headed ogre zombie (Crypt:2)
  6 spiny frog zombies
  An orb spider zombie (Crypt:2)
  32 hell hounds
  A soldier ant (shapeshifter) (Elf:1)
  A glowing shapeshifter zombie (Crypt:1)
  11 water moccasins
  4 porcupines
  2 floating eyes (shapeshifter) (Vaults:5)
  46 orc warriors
  A hornet zombie (D:15)
  A two-headed ogre skeleton (Crypt:2)
  An ice beast (D:5)
  11 sky beasts
  A water nymph skeleton (Crypt:1)
  2 black bears
  A spiny frog skeleton (Tar:5)
  9 phantoms
  2 manticore zombies
  A snapping turtle zombie (Hell)
  16 wolves
  2 swamp dragon zombies
  22 necrophages
  37 ogres
  3 human skeletons (Vaults:2)
  6 eyes of draining
  15 boggarts
  A boggart (shapeshifter) (Vaults:1)
  A centaur (shapeshifter) (Vaults:4)
  34 centaurs
  3 snapping turtle skeletons
  2 elf skeletons
  8 crocodiles
  A hog skeleton (Crypt:1)
  27 bullfrogs
  3 wyvern zombies
  A komodo dragon skeleton (Crypt:1)
  9 earth elementals
  A water moccasin skeleton (D:10)
  2 wyvern skeletons
  4 scorpions
  A spriggan zombie (Crypt:1)
  A snapping turtle simulacrum (Crypt:1)
  11 killer bees
  5 howler monkeys
  10 electric eels
  35 wights
  4 crimson imps
  2 centaur zombies
  A bullfrog zombie (D:12)
  2 quasits
  11 hounds
  5 jellies
  5 bullfrog skeletons
  6 centaur skeletons
  20 orc priests
  15 iron imps
  14 worker ants
  A black bear skeleton (Crypt:2)
  6 iguanas
  29 orc wizards
  4 lightning spires (Depths:1)
  4 big kobold zombies (Ossuary)
  A crocodile zombie (Crypt:1)
  A deep dwarf zombie (Crypt:1)
  A naga skeleton (Crypt:2)
  2 ogre zombies
  A hound zombie (D:8)
  2 tengu skeletons
  A hound skeleton (D:6)
  4 mummies
  2 worker ant zombies
  Robin (D:2)
  2 gnolls
  A scorpion zombie (Crypt:1)
  22 adders
  32 shadow imps
  An ufetubus (Depths:3)
  2 oozes
  An adder zombie (D:8)
  2 adder skeletons
  3 worms
  3 dart slugs
  5 leopard geckos
  113 orcs
  3 spectral bats (Ossuary)
  A ball python (D:2)
  4 giant cockroaches
  7 gnoll zombies (Ossuary)
  20 goblins
  9 hobgoblins
  5 jackals
  3 quokkas
  8 bats
  2 bat simulacra (Ossuary)
  10 frilled lizards
  6 goblin simulacra (Ossuary)
  2 goblin zombies (Ossuary)
  9 hobgoblin zombies (Ossuary)
  8 kobolds
  3 kobold simulacra (Ossuary)
  4 kobold zombies
  2 orc zombies (Ossuary)
  4 rats
  A rat simulacrum (Ossuary)
  5 spectral goblins (Ossuary)
  3 spectral rats (Ossuary)
  4 crawling corpses (Elf:3)
  6 fungi
  11 plants
3681 creatures vanquished.

Vanquished Creatures (others)
  A titan (Vaults:5)
  An ancient champion (Dis:7)
  A tengu reaver (Vaults:5)
  A vault warden (Vaults:3)
  A fire giant (Vaults:5)
  A war gargoyle (Vaults:5)
  A deep elf high priest (Elf:3)
  A rakshasa (Vaults:3)
  A merfolk aquamancer (Shoals:4)
  An ogre mage (Vaults:4)
  A shock serpent (Snake:4)
  A deep elf mage (Vaults:5)
  A manticore (Shoals:4)
  2 vault sentinels (Vaults:3)
  A smoke demon (Hell)
  A yaktaur (Vaults:5)
  A water elemental (Elf:3)
  A boggart (Depths:1)
  A wight (Tar:2)
  A centaur zombie (Dis:7)
  2 ball lightnings (Depths:1)
  An orc (D:14)
  A gnoll zombie (Ossuary)
  A kobold zombie (Ossuary)
  An orc zombie (Ossuary)
  A crawling corpse (Elf:3)
  7 fungi
  29 plants
  4 tentacles (Shoals:4)
68 creatures vanquished.

Grand Total: 3749 creatures vanquished

Notes
Turn   | Place    | Note
-------+----------+-------------------------------------------
     0 | D:1      | Monsterracer the Demonspawn Fighter began the quest for the Orb.
     0 | D:1      | Reached XP level 1. HP: 18/18 MP: 1/1
   292 | D:1      | Gained mutation: You have sharp toenails. [demonic ancestry]
   292 | D:1      | Reached XP level 2. HP: 24/24 MP: 2/2
   633 | D:2      | Gained mutation: Your flesh is cold resistant. (rC+) [demonic ancestry]
   633 | D:2      | Reached XP level 3. HP: 29/29 MP: 3/3
   803 | D:2      | Noticed Robin
   820 | D:2      | HP: 14/29 [goblin[Robin] (3)]
   827 | D:1      | HP: 10/29 [goblin/club[Robin] (4)]
  1016 | D:2      | Killed Robin
  1016 | D:2      | Gained mutation: When hurt, damage is shared between your health and your magic reserves. [demonic ancestry]
  1016 | D:2      | Reached XP level 4. HP: 30/35 MP: 4/4
  1501 | D:3      | Reached skill level 1 in Dodging
  1600 | D:3      | Found a white marble altar of Elyvilon.
  1659 | D:3      | Reached XP level 5. HP: 41/41 MP: 5/5
  1826 | D:4      | Noticed an ogre
  1839 | D:4      | HP: 15/41 [ogre/giant club (12)]
  1855 | D:4      | HP: 10/41 [ogre/giant club (7)]
  2326 | D:4      | Found a stormy altar of Qazlal.
  2334 | D:4      | Became a worshipper of Qazlal Stormbringer
  2375 | D:4      | Found a radiant altar of Vehumet.
  2636 | D:5      | Entered Level 5 of the Dungeon
  2646 | D:5      | Noticed a centaur
  2651 | D:5      | HP: 19/41 [centaur/arrow (9)]
  2656 | D:5      | Killed a centaur
  2656 | D:5      | Reached skill level 1 in Invocations
  2656 | D:5      | Reached XP level 6. HP: 14/48 MP: 2/6
  3035 | D:5      | Noticed a sky beast
  3048 | D:5      | Killed a sky beast
  3158 | D:5      | Reached skill level 5 in Axes
  3158 | D:5      | Reached XP level 7. HP: 50/54 MP: 6/8
  3297 | D:5      | Found a radiant altar of Vehumet.
  3344 | D:5      | Gained mutation: You are dopey. (Int -2) [mutagenic meat]
  3345 | D:5      | Gained mutation: Scrolls take you a little longer to read. [mutagenic meat]
  3346 | D:5      | Gained mutation: You expend magic power (3 MP) to strengthen your wands. [mutagenic meat]
  3801 | D:6      | Noticed Frank's ghost (novice OpFi)
  3818 | D:6      | HP: 22/55 [Frank's ghost (8)]
  3836 | D:5      | HP: 22/55 [ice beast (3)]
  3839 | D:5      | Gained mutation: You regenerate magic rapidly. [demonic ancestry]
  3839 | D:5      | Reached XP level 8. HP: 18/61 MP: 3/10
  4069 | D:6      | Killed Frank's ghost
  4331 | D:6      | Reached skill level 5 in Fighting
  4434 | D:6      | Reached * piety under Qazlal
  4868 | D:6      | Reached skill level 5 in Invocations
  5218 | D:6      | Reached XP level 9. HP: 61/68 MP: 10/12
  5354 | D:6      | HP: 33/69 [bullfrog (3)]
  5356 | D:6      | Reached skill level 5 in Armour
  5362 | D:6      | HP: 32/69 [poisoned by a water moccasin]
  5755 | D:7      | Noticed a red ugly thing
  5781 | D:7      | Reached ** piety under Qazlal
  5806 | D:7      | HP: 33/69 [poisoned by a killer bee]
  5811 | D:7      | HP: 29/69 [poisoned by a killer bee]
  5817 | D:7      | HP: 26/69 [poisoned by a killer bee]
  5823 | D:7      | HP: 24/69 [poisoned by a killer bee]
  5829 | D:7      | HP: 23/69 [poisoned by a killer bee]
  5836 | D:7      | HP: 23/69 [poisoned by a killer bee]
  6074 | D:7      | HP: 29/69 [wight/enchanted halberd (10)]
  6336 | D:6      | HP: 31/71 [orc warrior/mace (10)]
  6343 | D:6      | HP: 14/71 [something/puff of flame (4)]
  6406 | D:5      | HP: 27/71 [adder (1)]
  6411 | D:5      | HP: 25/71 [poisoned by an adder]
  6418 | D:5      | HP: 24/71 [poisoned by an adder]
  6426 | D:5      | HP: 24/71 [poisoned by an adder]
  6679 | D:5      | HP: 34/71 [orc warrior/mace (5)]
  6684 | D:5      | HP: 23/71 [orc warrior/mace (10)]
  7041 | D:7      | HP: 30/71 [red ugly thing (9)]
  7044 | D:7      | HP: 11/71 [red ugly thing (7)]
  7050 | D:7      | HP: 12/71 [red ugly thing (5)]
  7050 | D:7      | HP: 4/71 [red ugly thing (8)]
  7053 | D:7      | Killed a red ugly thing
  7053 | D:7      | Reached skill level 5 in Dodging
  7053 | D:7      | Gained mutation: Your movements are slightly less encumbered by armour. (ER -2) [demonic ancestry]
  7053 | D:7      | Reached XP level 10. HP: 24/77 MP: 1/14
  7665 | D:7      | Found a staircase to the Ecumenical Temple.
  7685 | D:8      | Found a sand-covered staircase.
  7708 | D:8      | Noticed a two-headed ogre
  7713 | D:8      | Killed a two-headed ogre
  7863 | Ossuary  | Entered an ossuary
  7926 | Ossuary  | Reached *** piety under Qazlal
  8166 | Ossuary  | Reached **** piety under Qazlal
  8265 | D:8      | Noticed a two-headed ogre
  8271 | D:8      | Killed a two-headed ogre
  8272 | D:8      | HP: 38/79 [something (2)]
  8279 | D:8      | HP: 25/79 [something (4)]
  8832 | D:8      | Found a basalt altar of Yredelemnul.
  8906 | D:8      | HP: 38/79 [something (4)]
  8911 | D:8      | HP: 31/79 [something (6)]
  8914 | D:8      | Killed an unseen horror
  9405 | D:9      | Noticed Irenicus's ghost (novice OpCK)
  9422 | D:8      | Gained mutation: You evolve. [mutagenic meat]
  9423 | D:8      | Lost mutation: You expend magic power (3 MP) to strengthen your wands. [mutagenic meat]
  9424 | D:8      | Gained mutation: Your system is resistant to poisons. (rPois) [mutagenic meat]
  9425 | D:8      | Gained mutation: You tend to lose your temper in combat. [mutagenic meat]
  9427 | D:8      | Lost mutation: You are dopey. (Int -2) [mutagenic meat]
  9598 | D:9      | Killed Irenicus's ghost
  9598 | D:9      | Reached XP level 11. HP: 68/86 MP: 14/17
  9633 | D:9      | Noticed a two-headed ogre
  9636 | D:9      | HP: 42/86 [two-headed ogre/giant club (7)]
  9640 | D:9      | Killed a two-headed ogre
  9859 | D:9      | Found a shimmering altar of Xom.
 10028 | D:9      | Reached ***** piety under Qazlal
 10288 | D:9      | Gained mutation: You have a pair of small horns on your head. [evolution]
 10356 | D:10     | Entered Level 10 of the Dungeon
 10406 | D:10     | Noticed a two-headed ogre
 10581 | D:10     | HP: 40/86 [two-headed ogre/giant spiked club (10)]
 10583 | D:10     | Killed a two-headed ogre
 10856 | D:10     | Found a staircase to the Lair.
 10962 | D:10     | Found Btotyky's Bounteous Boutique.
 11322 | D:10     | Reached skill level 10 in Axes
 11575 | D:10     | Found a portal to a secret trove of treasure.
 11664 | Lair:1   | Entered Level 1 of the Lair of Beasts
 11743 | Lair:1   | HP: 42/87 [yak (3)]
 11749 | Lair:1   | HP: 32/87 [wolf (4)]
 11799 | Lair:2   | HP: 40/87 [black mamba (5)]
 11808 | Lair:1   | HP: 35/87 [black mamba (5)]
 12072 | Lair:2   | Gained mutation: When low on magic, you restore magic in place of health. [demonic ancestry]
 12072 | Lair:2   | Reached XP level 12. HP: 89/94 MP: 19/19
 12299 | Lair:2   | Identified a scroll of acquirement
 12301 | Lair:2   | Got a scorched buckler
 12304 | Lair:2   | Identified the +0 buckler of Qeuseps {rC+} (You acquired it on level 2 of the Lair of Beasts)
 12425 | Lair:1   | Identified the +1 leather armour of an ossuary {rC+ Stlth+} (You found it on level 1 of the Lair of Beasts)
 14093 | Lair:3   | Noticed a death yak
 14094 | Lair:3   | Noticed a death yak
 14096 | Lair:3   | Noticed a death yak
 14097 | Lair:3   | Noticed a death yak
 14097 | Lair:3   | Noticed a death yak
 14101 | Lair:3   | Noticed a six-headed hydra
 14104 | Lair:3   | Noticed a seven-headed hydra
 14107 | Lair:2   | Killed a death yak
 14107 | Lair:2   | Reached skill level 10 in Invocations
 14107 | Lair:2   | Reached skill level 1 in Evocations
 14109 | Lair:2   | Killed a death yak
 14111 | Lair:2   | Killed a death yak
 14113 | Lair:2   | Killed a death yak
 14327 | Lair:2   | Killed a death yak
 14330 | Lair:2   | HP: 41/95 [six-headed hydra (10)]
 14331 | Lair:2   | Killed a six-headed hydra
 14339 | Lair:2   | HP: 41/95 [blink frog (1)]
 14599 | Lair:3   | Killed a seven-headed hydra
 14910 | Lair:3   | Found a staircase to the Snake Pit.
 15032 | Lair:3   | Noticed a death yak
 15035 | Lair:3   | Noticed a death yak
 15036 | Lair:3   | Noticed a death yak
 15062 | Lair:3   | Killed a death yak
 15064 | Lair:3   | Killed a death yak
 15071 | Lair:3   | Killed a death yak
 15487 | Lair:3   | Noticed a five-headed hydra
 15496 | Lair:3   | Killed a five-headed hydra
 15496 | Lair:3   | Gained mutation: You have razor-sharp toenails. [demonic ancestry]
 15496 | Lair:3   | Reached XP level 13. HP: 101/101 MP: 15/21
 16089 | Lair:4   | Found a staircase to the Shoals.
 16220 | Lair:4   | Gained mutation: You rapidly evolve. [evolution]
 16477 | Lair:4   | Lost mutation: Scrolls take you a little longer to read. [potion of mutation]
 16477 | Lair:4   | Lost mutation: You tend to lose your temper in combat. [potion of mutation]
 16477 | Lair:4   | Gained mutation: You have very sharp teeth. [potion of mutation]
 16477 | Lair:4   | Gained mutation: Your flesh is heat resistant. (rF+) [potion of mutation]
 16477 | Lair:4   | Gained mutation: You are resistant to hostile enchantments. (MR+) [potion of mutation]
 16487 | Lair:5   | HP: 51/103 [death yak (11)]
 16488 | Lair:5   | Reached skill level 10 in Fighting
 17211 | Lair:5   | Found a runed door.
 17212 | Lair:5   | Found a viscous altar of Jiyva.
 17214 | Lair:5   | Found a staircase to the Slime Pits.
 17568 | Lair:6   | Entered Level 6 of the Lair of Beasts
 17568 | Lair:6   | Noticed Kirke
 17579 | Lair:6   | Killed Kirke
 17708 | Lair:6   | Reached skill level 5 in Evocations
 17717 | Lair:5   | HP: 51/104 [spiny frog (6)]
 17984 | Lair:5   | Reached ****** piety under Qazlal
 18222 | Lair:6   | Gained mutation: Your movements are less encumbered by armour. (ER -4) [demonic ancestry]
 18222 | Lair:6   | Reached XP level 14. HP: 101/111 MP: 23/23
 19489 | Lair:6   | Reached skill level 10 in Armour
 19779 | Lair:6   | Gained mutation: Your magical capacity is low. (-10% MP) [evolution]
 20716 | D:11     | Learned a level 2 spell: Blink
 20824 | D:11     | Found Morph's Jewellery Boutique.
 20842 | D:11     | Bought a +6 ring of evasion for 936 gold pieces
 21094 | D:11     | Learned a level 2 spell: Passwall
 21196 | D:12     | Found a staircase to the Orcish Mines.
 21429 | D:12     | Found a blossoming altar of Fedhas.
 21986 | Orc:1    | Entered Level 1 of the Orcish Mines
 22443 | Orc:2    | Entered Level 2 of the Orcish Mines
 22443 | Orc:2    | Found Podiyst's Gadget Emporium.
 22468 | Orc:2    | Noticed an orc warlord
 22899 | Orc:2    | Reached skill level 10 in Dodging
 23350 | Orc:1    | HP: 53/113 [orc warlord/battleaxe (22)]
 23358 | Orc:1    | Killed an orc warlord
 23358 | Orc:1    | Reached XP level 15. HP: 57/119 MP: 17/22
 23784 | Orc:2    | HP: 50/119 [orc knight/war axe of electrocution (12)]
 23787 | Orc:2    | HP: 13/178 [orc knight/war axe of electrocution (16)]
 24215 | Orc:2    | Found Faec Ceu's Gadget Emporium.
 24220 | Orc:2    | Found Reuq's Distillery.
 24235 | Orc:2    | Bought a potion of heal wounds for 55 gold pieces
 24235 | Orc:2    | Found Fumye's Magic Scroll Boutique.
 24237 | Orc:2    | Found Nudayxt's Antique Weapon Emporium.
 24243 | Orc:2    | Bought a scroll of blinking for 127 gold pieces
 24428 | Orc:2    | Found a staircase to the Elven Halls.
 24567 | D:13     | Noticed Sonja
 24772 | D:13     | Noticed Rupert
 24793 | D:12     | Killed Rupert
 24835 | D:13     | Killed Sonja
 25119 | D:13     | Found a gate to the Vaults.
 25667 | D:14     | HP: 58/119 [skeletal warrior/dire flail[a skeletal warrior] (7)]
 25671 | D:13     | HP: 25/119 [skeletal warrior/dire flail[a skeletal warrior] (9)]
 25677 | D:13     | HP: 26/178 [skeletal warrior/dire flail[a skeletal warrior] (11)]
 26500 | D:7      | Gained mutation: Your mind is acute. (Int +2) [evolution]
 26948 | D:14     | Found Wioce's Gadget Boutique.
 27188 | D:15     | Entered Level 15 of the Dungeon
 27295 | D:15     | Reached skill level 5 in Shields
 28153 | D:15     | Found a roughly hewn altar of Beogh.
 28230 | D:15     | Found a staircase to the Depths.
 28462 | Snake:1  | Entered Level 1 of the Snake Pit
 28541 | Snake:2  | Gained mutation: You resist negative energy. (rN+) [demonic ancestry]
 28541 | Snake:2  | Reached XP level 16. HP: 102/126 MP: 24/24
 29270 | Snake:1  | Got a heavily runed glass ring
 29340 | Snake:1  | Reached skill level 15 in Invocations
 31046 | Snake:1  | Learned a level 1 spell: Apportation
 31049 | Snake:1  | Identified the ring "Arphyuv" {rCorr *Contam rF+++ Dex+7} (You took it off a naga on level 1 of the Snake Pit)
 31585 | Snake:3  | HP: 60/127 [anaconda (4)]
 31593 | Snake:2  | HP: 43/127 [poisoned by a naga warrior (splash of poison)]
 31598 | Snake:2  | HP: 43/127 [poisoned by a naga warrior (splash of poison)]
 32314 | Snake:3  | Identified the +2 scale mail of the Dropbear {Regen+ Str+4} (You found it on level 3 of the Snake Pit)
 32339 | Snake:3  | Lost mutation: You have a pair of small horns on your head. [evolution]
 32353 | Snake:3  | Reached skill level 15 in Axes
 32711 | Snake:4  | Entered Level 4 of the Snake Pit
 33037 | Snake:4  | Gained mutation: You are somewhat able to resist unholy torments (1 in 2 success). [demonic ancestry]
 33037 | Snake:4  | Reached XP level 17. HP: 124/133 MP: 23/26
 33189 | Snake:4  | Reached skill level 10 in Shields
 33855 | Snake:4  | Gained mutation: You have a pair of small horns on your head. [evolution]
 34216 | Snake:4  | HP: 62/135 [nagaraja/bolt of poison (6)]
 34789 | Snake:4  | Got a serpentine rune of Zot
 34978 | Snake:3  | Gained mutation: You are resistant to electric shocks. (rElec) [evolution]
 35060 | Shoals:1 | Entered Level 1 of the Shoals
 35123 | Shoals:1 | Found a transporter.
 35338 | Shoals:1 | Found a transporter.
 35759 | Shoals:1 | Got a vibrating silver amulet
 35760 | Shoals:1 | Identified the amulet "Quolouf" {+Rage rElec rPois} (You found it on level 1 of the Shoals)
 35773 | Shoals:1 | Got a steaming copper ring
 35774 | Shoals:1 | Identified the ring of Fatigue {rC- rN+ MP+9 Int+5} (You found it on level 1 of the Shoals)
 35850 | Shoals:2 | Reached XP level 18. HP: 141/142 MP: 27/27
 35902 | Shoals:2 | Learned a level 4 spell: Passage of Golubria
 35936 | Shoals:2 | HP: 62/142 [water nymph/the raging water (15)]
 36060 | Shoals:2 | HP: 71/142 [poisoned by a sea snake]
 36065 | Shoals:2 | HP: 65/142 [poisoned by a sea snake]
 36070 | Shoals:2 | HP: 61/142 [poisoned by a sea snake]
 36075 | Shoals:2 | HP: 60/142 [poisoned by a sea snake]
 36080 | Shoals:2 | HP: 61/142 [poisoned by a sea snake]
 36085 | Shoals:2 | HP: 61/142 [poisoned by a sea snake]
 36092 | Shoals:2 | HP: 64/142 [poisoned by a sea snake]
 36100 | Shoals:2 | HP: 68/142 [poisoned by a sea snake]
 37638 | Shoals:4 | Entered Level 4 of the Shoals
 37868 | Shoals:4 | Got a crude amber ring
 37983 | Shoals:4 | Noticed Ilsuiw
 38006 | Shoals:4 | HP: 70/143 [something (4)]
 38011 | Shoals:4 | HP: 62/143 [drowned by a water elemental[Ilsuiw] (4)]
 38016 | Shoals:4 | HP: 47/143 [drowned by a water elemental[Ilsuiw] (3)]
 38169 | Shoals:3 | Identified the ring of Qieja {rElec rPois MR- Str+2 Dex+2} (You took it off a merfolk on level 4 of the Shoals)
 38191 | Shoals:4 | Killed Ilsuiw
 38451 | Shoals:4 | Got a barnacled rune of Zot
 39320 | Vaults:1 | Entered Level 1 of the Vaults
 39333 | Vaults:1 | Found Qoilayn's Distillery.
 39399 | Vaults:1 | Reached XP level 19. HP: 150/150 MP: 29/29
 39440 | Vaults:1 | Bought a potion of heal wounds for 65 gold pieces
 39906 | Vaults:1 | Identified the +1 hat "Posiygae" {Str+4 Int+4} (You found it on level 1 of the Vaults)
 39968 | Vaults:1 | Found a radiant altar of Vehumet.
 39972 | Vaults:1 | Noticed a Brimstone Fiend
 41327 | Vaults:2 | Found a ruined gateway.
 41359 | Desolati | Entered the Desolation of Salt
 41376 | Desolati | HP: 76/152 [ragged hierophant/a resonance strike (20)]
 41551 | Vaults:2 | Noticed Sojobo
 41558 | Vaults:2 | Killed Sojobo
 41894 | Vaults:2 | Reached XP level 20. HP: 159/159 MP: 30/30
 41916 | Vaults:2 | Noticed Mara
 41918 | Vaults:2 | Noticed Monsterracer's illusion
 41956 | Vaults:2 | HP: 65/159 [Monsterracer's illusion[Mara] (23)]
 41984 | Vaults:2 | HP: 70/159 [Monsterracer's illusion[Mara] (11)]
 41996 | Vaults:1 | Noticed Monsterracer's illusion
 42000 | Vaults:1 | Killed Mara
 42368 | Vaults:2 | Lost mutation: Your magical capacity is low. (-10% MP) [evolution]
 42680 | Vaults:3 | Found a staircase to the Crypt.
 42879 | Vaults:3 | Found a flickering gateway to a bazaar.
 42891 | Bazaar   | Entered a bazaar
 42904 | Bazaar   | Found Loxkay's Distillery.
 42904 | Bazaar   | Found Qenar's Armour Shoppe.
 42910 | Bazaar   | Bought a potion of haste for 80 gold pieces
 42910 | Bazaar   | Bought a potion of haste for 80 gold pieces
 42910 | Bazaar   | Bought a potion of haste for 80 gold pieces
 42940 | Bazaar   | Found Eseiss's Food Emporium.
 42940 | Bazaar   | Found Ywnock's Weapon Emporium.
 42979 | Bazaar   | Bought a +1 pair of gloves of dexterity for 214 gold pieces
 42979 | Bazaar   | Bought +0 pearl dragon scales for 1300 gold pieces
 44760 | Vaults:4 | Reached XP level 21. HP: 166/166 MP: 35/35
 44981 | Vaults:4 | Identified the cursed +0 plate armour of Youthful Indiscretion {Str+4} (You found it on level 4 of the Vaults)
 45315 | Vaults:5 | Entered Level 5 of the Vaults
 45382 | Vaults:5 | Noticed an ancient lich
 45385 | Vaults:5 | Noticed a caustic shrike
 45385 | Vaults:5 | a quicksilver dragon changed into a caustic shrike
 45387 | Vaults:5 | a caustic shrike changed into an alligator snapping turtle
 45397 | Vaults:4 | HP: 76/167 [iron dragon (12)]
 45403 | Vaults:4 | HP: 60/167 [iron dragon (4)]
 45756 | Depths:1 | Entered Level 1 of the Depths
 45764 | Depths:1 | Found a gateway to Hell.
 45785 | Depths:1 | Reached skill level 15 in Fighting
 46610 | Depths:1 | Found a runed door.
 46610 | Depths:1 | Gained mutation: Your movements are significantly less encumbered by armour. (ER -6) [evolution]
 46981 | Depths:2 | Gained mutation: You have claws for feet. [demonic ancestry]
 46981 | Depths:2 | Reached XP level 22. HP: 176/176 MP: 37/37
 47308 | Depths:2 | Noticed a caustic shrike
 47309 | Depths:2 | Noticed a golden dragon
 47318 | Depths:2 | Killed a caustic shrike
 47330 | Depths:2 | Killed a golden dragon
 47444 | Depths:2 | Noticed a golden dragon
 47458 | Depths:2 | Killed a golden dragon
 47695 | Depths:2 | Identified the +7 plate armour "Raytwes" {*Drain rN+ Str+3 Dex+4} (You found it on level 2 of the Depths)
 47697 | Depths:2 | Identified the cursed +1 chain mail of Objectivity {rC+} (You found it on level 2 of the Depths)
 47839 | Depths:2 | Found Dyilasch's Antique Armour Emporium.
 47845 | Depths:2 | Bought a pitted ring mail for 297 gold pieces
 47855 | Depths:2 | Identified the +4 ring mail of the Suburbs {Str+5} (You bought it in a shop on level 2 of the Depths)
 47992 | Depths:2 | Learned a level 3 spell: Regeneration
 48230 | Depths:2 | Noticed Asterion
 48239 | Depths:2 | Gained mutation: You are frail. (-10% HP) [a cacodemon]
 48255 | Depths:2 | Killed Asterion
 48259 | Depths:2 | Got an ichor-stained shield
 48260 | Depths:2 | Identified the +4 shield of the Salamander {+Inv} (You took it off Asterion on level 2 of the Depths)
 48340 | Depths:2 | HP: 80/160 [something/vampiric draining (3)]
 48748 | Depths:3 | Found a one-way gate leading to the halls of Pandemonium.
 49205 | Depths:3 | HP: 70/161 [suicidal targeting (21)]
 49453 | Depths:3 | Noticed Mennas
 49453 | Depths:3 | Found a glowing silver altar of Zin.
 49483 | Depths:3 | Killed Mennas
 49483 | Depths:3 | Gained mutation: You are immune to freezing clouds. [demonic ancestry]
 49483 | Depths:3 | Reached XP level 23. HP: 145/166 MP: 35/38
 49567 | Depths:3 | Identified the +0 cloak of Nymarephi {*Corrode MR++ Int+8} (You acquired it on level 3 of the Depths)
 49986 | Depths:3 | Found a gateway to a bazaar.
 50060 | Bazaar   | Entered a bazaar
 50060 | Bazaar   | Found Teavygai's Magic Scroll Boutique.
 50060 | Bazaar   | Found Pajeup's Jewellery Shoppe.
 50060 | Bazaar   | Found Veosofo's Antique Weapon Shop.
 50060 | Bazaar   | Found Rib Jank's Food Shoppe.
 50062 | Bazaar   | Found Roptufy's Distillery.
 50097 | Bazaar   | Bought a +4 amulet of reflection for 351 gold pieces
 50097 | Bazaar   | Bought an uncursed ring of see invisible for 195 gold pieces
 50097 | Bazaar   | Bought a +2 ring of slaying for 273 gold pieces
 50102 | Bazaar   | Bought a scroll of enchant weapon for 112 gold pieces
 50322 | Depths:4 | Noticed an ancient lich
 50427 | Depths:4 | Noticed a caustic shrike
 50427 | Depths:4 | a shadow dragon changed into a caustic shrike
 50445 | Depths:3 | Killed an ancient lich
 50445 | Depths:3 | Reached skill level 15 in Shields
 50451 | Depths:4 | Killed a caustic shrike
 50453 | Depths:4 | Reached skill level 15 in Armour
 50933 | Depths:4 | Found a one-way gate to the infinite horrors of the Abyss.
 51026 | Depths:4 | Got a fine silver ring
 51043 | Depths:4 | Identified the ring of Purphoc {rF+ MP+9 Int+3 Slay+3} (You took it off a yaktaur captain on level 4 of the Depths)
 51289 | Depths:4 | Lost mutation: Your movements are significantly less encumbered by armour. (ER -6) [evolution]
 51516 | Depths:5 | Entered Level 5 of the Depths
 51692 | Depths:5 | Found a gateway to a ziggurat.
 51692 | Depths:5 | Noticed an ancient lich
 51735 | Depths:5 | HP: 76/169 [something (14)]
 51914 | Depths:5 | Killed an ancient lich
 51984 | Depths:5 | Gained mutation: Your movements are significantly less encumbered by armour. (ER -6) [demonic ancestry]
 51984 | Depths:5 | Reached XP level 24. HP: 175/175 MP: 39/39
 52015 | Depths:5 | Found Geutosel's Jewellery Shop.
 52016 | Depths:5 | Found Rerghewn's Gadget Shoppe.
 52017 | Depths:5 | Found Egivuhacvu's Jewellery Shop.
 52526 | Depths:5 | Found a gate to the Realm of Zot.
 52865 | D:11     | Bought an uncursed ring of resist corrosion for 240 gold pieces
 52928 | Elf:1    | Entered Level 1 of the Elven Halls
 53137 | Elf:1    | Found a deep blue altar of Sif Muna.
 53351 | Elf:1    | Learned a level 2 spell: Sublimation of Blood
 53746 | Elf:2    | Found a runed gate.
 53752 | Elf:2    | Found a runed gate.
 53754 | Elf:2    | Found a runed gate.
 53812 | Elf:2    | Found Axky's Book Boutique.
 54454 | Elf:3    | Entered Level 3 of the Elven Halls
 54460 | Elf:3    | Noticed Snorg
 54476 | Elf:3    | HP: 86/177 [???[a deep elf demonologist] (37)]
 54477 | Elf:3    | Killed Snorg
 54487 | Elf:3    | HP: 80/177 [deep elf knight/stone arrow (12)]
 54630 | Elf:3    | Gained mutation: You have sharp fingernails. [evolution]
 54928 | Elf:3    | HP: 88/179 [deep elf high priest/divine providence (10)]
 55081 | Elf:2    | HP: 87/179 [acid (10)]
 55256 | Elf:3    | Gained mutation: Your melee attacks may debilitate your foes. [demonic ancestry]
 55256 | Elf:3    | Reached XP level 25. HP: 162/185 MP: 39/39
 55402 | Elf:3    | Got a crude platinum ring
 55410 | Elf:3    | Identified the ring "Juffyveo" {rN+ MR+} (You took it off a deep elf elementalist on level 3 of the Elven Halls)
 55542 | Elf:3    | Found Xuruzess's Weapon Boutique.
 55757 | Elf:3    | Identified the +4 battleaxe "Fituto" {drain, SInv} (You found it on level 3 of the Elven Halls)
 55773 | Elf:3    | Identified the ring of Diest {*Slow rF+ MP+9 Dex+3} (You found it on level 3 of the Elven Halls)
 55799 | Elf:3    | Identified the +6 scale mail "Idofediem" {+Blink rF+} (You found it on level 3 of the Elven Halls)
 55961 | Elf:2    | Bought a manual of Axes for 1876 gold pieces
 56209 | Slime:1  | Entered Level 1 of the Pits of Slime
 56243 | Slime:1  | Reached skill level 1 in Translocations
 56275 | Slime:3  | Noticed Dissolution
 56326 | Slime:2  | Killed Dissolution
 56377 | Slime:3  | Gained mutation: You are clumsy. (Dex -2) [a shining eye]
 56507 | Slime:5  | Entered Level 5 of the Pits of Slime
 56540 | Slime:5  | Noticed the Royal Jelly
 56832 | Slime:5  | Found a viscous altar of Jiyva.
 56902 | Slime:5  | Killed the Royal Jelly
 56915 | Slime:5  | HP: 91/186 [azure jelly[the Royal Jelly] (14)]
 56917 | Slime:5  | HP: 40/186 [azure jelly[the Royal Jelly] (7)]
 57059 | Slime:5  | Identified the +7 large shield of Fedhas {rN+ SInv} (You found it on level 5 of the Pits of Slime)
 57158 | Slime:5  | Got a slimy rune of Zot
 58018 | Vaults:5 | Noticed an ancient lich
 58029 | Vaults:4 | Killed an ancient lich
 58301 | Vaults:5 | Gained mutation: A meltable icy envelope protects you from harm. (AC +0) [demonic ancestry]
 58301 | Vaults:5 | Reached XP level 26. HP: 175/193 MP: 40/40
 58306 | Vaults:5 | Noticed an ancient lich
 58312 | Vaults:5 | Reached skill level 5 in Translocations
 58329 | Vaults:4 | Killed an ancient lich
 58467 | Vaults:4 | Killed an ancient lich
 58666 | Vaults:5 | Learned a level 6 spell: Deflect Missiles
 59003 | Vaults:5 | Got a silver rune of Zot
 59178 | Vaults:5 | Identified the Compendium of Creation
 59183 | Vaults:5 | Learned a level 1 spell: Summon Butterflies
 59548 | Vaults:5 | Learned a level 2 spell: Song of Slaying
 59866 | Elf:2    | Bought a manual of Fighting for 1876 gold pieces
 60138 | Crypt:1  | Entered Level 1 of the Crypt
 60182 | Crypt:1  | Reached skill level 1 in Spellcasting
 60193 | Crypt:1  | Learned a level 3 spell: Spectral Weapon
 60218 | Crypt:1  | Noticed Aizul
 60226 | Crypt:1  | Killed Aizul
 60392 | Crypt:1  | Reached skill level 15 in Dodging
 61104 | Crypt:2  | Noticed Jorgrun
 61112 | Crypt:2  | Killed Jorgrun
 61597 | Crypt:3  | Entered Level 3 of the Crypt
 61912 | Crypt:3  | Reached skill level 27 in Invocations
 61917 | Crypt:3  | Noticed an ancient lich
 61936 | Crypt:3  | Killed an ancient lich
 61964 | Crypt:3  | Found an ancient bone altar of Kikubaaqudgha.
 62113 | Crypt:3  | Reached XP level 27. HP: 204/204 MP: 40/40
 62321 | Crypt:3  | Found a staircase to the Tomb.
 62991 | Zot:1    | Entered Level 1 of the Realm of Zot
 64582 | Zot:3    | Noticed an orb of fire
 64592 | Zot:3    | Killed an orb of fire
 65438 | Zot:4    | Reached skill level 10 in Translocations
 65626 | Zot:4    | Learned a level 6 spell: Statue Form
 65891 | Zot:5    | Entered Level 5 of the Realm of Zot
 66290 | Zot:5    | Lost mutation: You are clumsy. (Dex -2) [evolution]
 66314 | Zot:5    | Noticed an orb of fire
 66315 | Zot:5    | Gained mutation: You are agile. (Dex +2) [an orb of fire]
 66326 | Zot:5    | Gained mutation: Armour fits poorly on your strangely shaped body. [an orb of fire]
 66329 | Zot:5    | Killed an orb of fire
 66358 | Zot:5    | Noticed an ancient lich
 66367 | Zot:5    | Killed an ancient lich
 66381 | Zot:5    | Noticed an ancient lich
 66392 | Zot:5    | Killed an ancient lich
 66476 | Zot:5    | Reached skill level 5 in Spellcasting
 66493 | Zot:5    | Noticed an orb of fire
 66493 | Zot:5    | Gained mutation: You are very frail. (-20% HP) [an orb of fire]
 66501 | Zot:5    | HP: 91/188 [orb of fire/fireball (18)]
 66503 | Zot:5    | Killed an orb of fire
 66508 | Zot:5    | Lost mutation: You are resistant to hostile enchantments. (MR+) [potion of mutation]
 66508 | Zot:5    | Lost mutation: Armour fits poorly on your strangely shaped body. [potion of mutation]
 66508 | Zot:5    | Lost mutation: You are agile. (Dex +2) [potion of mutation]
 66508 | Zot:5    | Gained mutation: Your spells are a little harder to cast, but a little more powerful. [potion of mutation]
 66508 | Zot:5    | Lost mutation: You are very frail. (-20% HP) [potion of mutation]
 66508 | Zot:5    | Gained mutation: You are agile. (Dex +2) [potion of mutation]
 66508 | Zot:5    | Gained mutation: You are resistant to hostile enchantments. (MR+) [potion of mutation]
 66521 | Zot:5    | Noticed an ancient lich
 66530 | Zot:5    | Killed an ancient lich
 66665 | Zot:5    | Noticed an orb of fire
 66679 | Zot:5    | Lost mutation: You are agile. (Dex +2) [an orb of fire]
 66681 | Zot:5    | Killed an orb of fire
 66840 | Zot:5    | Noticed an orb of fire
 66856 | Zot:5    | Killed an orb of fire
 67123 | Zot:5    | Noticed an orb of fire
 67135 | Zot:5    | Killed an orb of fire
 67520 | Zot:5    | Noticed an ancient lich
 67532 | Zot:5    | Killed an ancient lich
 67726 | Hell     | Entered the Vestibule of Hell
 67726 | Hell     | Noticed Geryon
 67907 | Hell     | Noticed Murray
 68421 | Hell     | Killed Geryon
 68474 | Hell     | Killed Murray
 68670 | Hell     | Found a gateway to the freezing wastes of Cocytus.
 68765 | Hell     | Found a gateway to the ashen valley of Gehenna.
 68802 | Hell     | Found a gateway to the decaying netherworld of Tartarus.
 68932 | Hell     | Found a gateway to the Iron City of Dis.
 69264 | D:10     | You paid a toll of the horn of Geryon to enter a treasure trove
 69265 | Trove    | Entered a treasure trove
 69279 | Trove    | Got a faintly glowing copper ring
 69281 | Trove    | Identified the ring of Menwil Doar {*Drain rPois Int+6 Dex+3 Stlth-} (You found it in a treasure trove)
 69283 | Trove    | Got a shimmering granite ring
 69285 | Trove    | Identified the ring of Liuriw {+Inv MP+9 Int+3 Dex+3} (You found it in a treasure trove)
 69287 | Trove    | Got a serpentine golden ring
 69288 | Trove    | Identified the ring "Guegg" {rElec rC- rN+ Str+3} (You found it in a treasure trove)
 69296 | Trove    | Identified the ring "Xoaneysho" {+Fly MR+} (You found it in a treasure trove)
 69298 | Trove    | Identified the ring "Oseapa" {+Fly MR+} (You found it in a treasure trove)
 69705 | Tar:1    | Entered Level 1 of Tartarus
 70659 | Tar:2    | HP: 84/216 [flayed ghost/flay_damage (32)]
 70703 | Tar:2    | HP: 106/216 [???[a doom hound] (42)]
 70708 | Tar:2    | HP: 79/216 [??? (29)]
 70753 | Tar:2    | HP: 77/216 [Tzitzimitl[the effects of Hell] (6)]
 70954 | Tar:1    | Reached skill level 1 in Earth Magic
 71153 | Tar:2    | HP: 94/215 [???[a doom hound] (37)]
 71472 | Tar:4    | Reached skill level 1 in Necromancy
 71800 | Tar:5    | Reached skill level 1 in Charms
 71932 | Tar:7    | Entered Level 7 of Tartarus
 72177 | Tar:7    | Noticed Ereshkigal
 72195 | Tar:7    | HP: 95/217 [??? (37)]
 72476 | Tar:7    | Noticed an ancient lich
 72488 | Tar:7    | Killed an ancient lich
 72502 | Tar:7    | Noticed an ancient lich
 72512 | Tar:7    | Killed an ancient lich
 72520 | Tar:7    | Reached skill level 5 in Necromancy
 72633 | Tar:7    | Killed Ereshkigal
 72665 | Tar:7    | HP: 91/217 [??? (31)]
 72717 | Tar:7    | Reached skill level 5 in Charms
 73046 | Tar:7    | Got a bone rune of Zot
 73506 | Dis:1    | Entered Level 1 of the Iron City of Dis
 73551 | Dis:1    | HP: 93/220 [reaper/vampiric scythe (24)]
 73561 | Dis:1    | HP: 81/220 [something (18)]
 74238 | Dis:4    | HP: 106/220 [iron giant/ancient champion[the effects of Hell] (21)]
 74588 | Dis:6    | Gained mutation: Armour fits poorly on your strangely shaped body. [mutagenic glow]
 74706 | Dis:6    | HP: 105/221 [flayed ghost/flay_damage (37)]
 74755 | Dis:7    | Entered Level 7 of the Iron City of Dis
 75067 | Dis:7    | Reached skill level 1 in Hexes
 75081 | Dis:7    | Noticed the Serpent of Hell
 75102 | Dis:7    | Killed the Serpent of Hell
 75498 | Dis:7    | Got a translucent tin ring
 75641 | Dis:7    | HP: 107/222 [reaper/scythe of protection[the effects of Hell] (10)]
 75843 | Dis:7    | Reached skill level 27 in Fighting
 75874 | Dis:7    | Reached skill level 1 in Summonings
 76294 | Dis:7    | HP: 104/224 [Hell Sentinel/damnation (27)]
 76307 | Dis:7    | HP: 82/224 [Brimstone Fiend/damnation (28)]
 76314 | Dis:7    | HP: 49/224 [suicidal targeting (37)]
 76316 | Dis:7    | HP: 17/224 [Hell Sentinel/damnation (32)]
 76317 | Dis:7    | Killed from afar by a Hell Sentinel

Skill      XL: |  1  2  3  4  5  6  7  8  9 10 11 12 13 14 15 16 17 18 19 20 21 22 23 24 25 26 27 |
---------------+----------------------------------------------------------------------------------+-----
Axes           | 2 3 4 5 6 7 9 10 11 12 13 14 15 16 17 18 19 20 | 20.9
Dodging        | 1 2 3 4 5 6 7 8 9 10 11 12 13 14 15 19 | 19.4
Shields        | 3 4 8 9 11 12 13 14 15 16 17 18 24 | 24.4
Armour         | 3 4 5 6 8 9 10 11 12 13 14 15 16 20 | 20.4
Invocations    | 1 2 3 5 6 8 9 10 12 13 14 16 17 18 20 21 22 23 24 25 26 27 | 27.0
Fighting       | 4 5 6 7 8 9 10 11 12 13 14 15 16 17 18 19 20 27 | 27.0
Evocations     | 3 5 |  5.0
Translocations | 4 7 10 | 10.9
Spellcasting   | 2 9 |  9.6
Earth Magic    | 2 |  2.7
Necromancy     | 7 |  7.0
Charms         | 7 |  7.0
Hexes          | 4 |  4.0
Summonings     | 3 |  3.3

Action                   |  1- 3 |  4- 6 |  7- 9 | 10-12 | 13-15 | 16-18 | 19-21 | 22-24 | 25-27 || total
-------------------------+-------+-------+-------+-------+-------+-------+-------+-------+-------++-------
Melee: War axe           |    94 |   142 |   387 |    58 |       |       |       |       |       ||   681
       Kick              |    21 |    44 |     8 |       |       |       |       |   611 |  2069 ||  2753
       Battleaxe         |       |       |       |   579 |   977 |       |       |       |       ||  1556
       Headbutt          |       |       |       |    60 |   255 |   264 |   345 |   384 |  1321 ||  2629
       Morningstar       |       |       |       |    12 |     4 |       |       |       |       ||    16
       Bite              |       |       |       |       |   137 |   189 |   198 |   221 |   766 ||  1511
       Broad axe         |       |       |       |       |   186 |  1542 |  1306 |  1425 |  4186 ||  8645
 Cast: Regeneration      |       |       |       |       |       |       |       |       |    49 ||    49
       Passage of Golubr |       |       |       |       |       |       |       |       |     1 ||     1
Invok: Upheaval          |       |       |       |     1 |     3 |     1 |     5 |    12 |    29 ||    51
       Disaster Area     |       |       |       |     1 |       |     3 |     2 |     1 |       ||     7
 Abil: Evoke Berserk Rag |       |       |       |     3 |     3 |       |       |       |       ||     6
       Evoke Invisibilit |       |       |       |       |       |     2 |     1 |       |     3 ||     6
Evoke: Wand              |       |       |       |       |       |       |       |     1 |     1 ||     2
  Use: Scroll            |       |    13 |     6 |    14 |     8 |    14 |     9 |    10 |    23 ||    97
       Potion            |       |     1 |     4 |       |     1 |       |       |       |    17 ||    23
 Stab: Petrified         |       |       |       |       |     1 |       |       |       |     7 ||     8
       Invisible         |       |       |       |       |       |     5 |    17 |       |     6 ||    28
       Confused          |       |       |       |       |       |     1 |       |       |     1 ||     2
       Distracted        |       |       |       |       |       |     1 |       |       |       ||     1
  Eat: Chunk             |       |     7 |    15 |    26 |    37 |    35 |    27 |    27 |    47 ||   221
       Fruit             |       |       |     1 |     4 |     2 |     4 |       |       |    28 ||    39
       Meat ration       |       |       |       |     2 |     1 |       |       |       |     2 ||     5
Armor: Scale mail        |    59 |    65 |   174 |    16 |       |    73 |       |       |       ||   387
       Chain mail        |       |       |       |   235 |   313 |   149 |    92 |       |       ||   789
       Plate armour      |       |       |       |       |       |    10 |       |       |       ||    10
       Skin              |       |       |       |       |       |     1 |       |       |       ||     1
       Pearl dragon scal |       |       |       |       |       |       |   119 |   229 |   805 ||  1153
Dodge: Dodged            |    38 |    66 |   242 |   503 |  1072 |   944 |   685 |   453 |  1048 ||  5051
       Deflected         |       |       |       |     9 |    42 |    72 |    30 |    32 |    49 ||   234
Block: Shield            |    30 |       |       |       |   163 |  1716 |  1010 |       |       ||  2919
       Buckler           |    12 |    26 |   163 |    23 |       |       |       |       |       ||   224
       Other             |       |       |       |   196 |   396 |       |       |       |       ||   592
       Large shield      |       |       |       |       |       |       |   180 |  1511 |  4960 ||  6651
       Reflection        |       |       |       |       |       |       |       |     2 |       ||     2

Vault maps used:
D:1:      lightli_arrival_windingriver
D:2:      uniq_robin
D:3:      elyvilon_altar_4, first_bread, minmay_misc_feat_plants
D:4:      nicolae_overflow_crystal_walls, grunt_qazlal_sundering
D:5:      basic_altar, minivault_4
D:7:      minmay_temple_entry_enclosed_plants
D:8:      hangedman_cross_stitches, lemuel_crystal_altar, enter_ossuary_1
D:9:      xom_teletrap_fun
D:10:     erik_lair_orcish_takeover, nicolae_trove_entry_path_of_doom,
          hangedman_stone_soup, nicolae_alphabet_shops
D:11:     serial_shops, shop, nrook_uturn
D:12:     hiddenorc1_lemuel, st_stairs_1, grunt_ministairs_7, fedhas_altar_1
D:13:     david_vaults_5, serial_park, serial_park_gazebo, serial_park_square1,
          hangedman_abyss_or_decor_passed, uniq_sonja, uniq_rupert
D:14:     serial_shops, nicolae_shop_trees, minivault_14, hive_lemuel
D:15:     hangedman_depths_entry_try_elsewhere_first, minmay_misc_feat_x,
          special_room
Lair:1:   beast_lair_carwin_large_3, infiniplex_staircase_pool,
          serial_bayou_shore_a
Lair:2:   infiniplex_staircase_pool_2, grunt_megastairs_2
Lair:3:   minmay_snake_entry_guardpost_small
Lair:4:   shoals_dummy_entry
Lair:5:   slime_altar_2, grunt_megastairs_3
Lair:6:   minmay_lair_end_frog_pond, portal_ice_cave_entry_pillars_1, uniq_kirke
Shoals:1: gammafunk_its_a_trap, yaktaur_hedge
Shoals:2: hangedman_shoals_cup_caves
Shoals:3: argonaut_golden_fleece
Shoals:4: shoals_end_grunt_ice, shoals_ilsuiw_alternative
Snake:2:  grunt_ministairs_2
Snake:3:  special_room, minmay_snake_pond
Snake:4:  snake_pit_salamanders_mu, basic_stair_grate_trap
Slime:3:  uniq_dissolution
Slime:4:  cheibrodos_slime_lost_civilization_5
Orc:2:    st_orc_elflike, serial_shops, shop
Elf:1:    elf_arrival_001, basic_altar, hangedman_elf_represent
Elf:2:    serial_shops, shop
Elf:3:    minmay_elf_hall_hex, serial_shops, shop, elf_orc_summit_meeting
Vaults:1: v_misc_16, nicolae_vaults_little_ls, grunt_tower_of_power,
          ontoclasm_vaults_eye, ontoclasm_vaults_idyll, v_misc_5,
          vaults_room_hallway, nicolae_vaults_network_quinsquares,
          grunt_vaults_funnel, dpeg_vaults_monster_box,
          vaults_room_stairs_pillars, serial_shops, shop, serial_glass
Vaults:2: nicolae_vaults_shelves_hall, hangedman_vaults_impose,
          dpeg_vaults_monster_row, nicolae_vaults_asterisk, v_misc_24,
          v_misc_29, v_misc_13, vaults_room_stairs_pillars, v_misc_32,
          hangedman_vaults_nodes, portal_desolation_entry_ruin, uniq_sojobo,
          uniq_mara
Vaults:3: vaults_room_grunt_arrival_ludios, ontoclasm_vaults_ring_small,
          minmay_crypt_entry_nasty_monster, vaults_mumra_hexcomb,
          nicolae_vaults_diagonal_hallway_9, nicolae_vaults_alarming,
          serial_shops, bzr_entry_lakeside
Vaults:4: ontoclasm_vaults_spin, hangedman_vaults_stream,
          nicolae_vaults_little_squares_6, v_pattern_2, st_hourglassy,
          v_misc_11, hangedman_vaults_nails, vaults_room_grid,
          nicolae_vaults_three_branches, v_misc_17
Crypt:1:  uniq_aizul
Crypt:2:  uniq_jorgrun
Crypt:3:  cryptofortress_bobbens
Depths:1: kennysheep_donut, hell_entry, minmay_gold_behind_fungi,
          hangedman_aerie_drop
Depths:2: kennysheep_large_vault, hell_entry, serial_shops, shop,
          hangedman_cracks_in_the_wall, firewood_loft, uniq_asterion
Depths:3: evilmike_silver_temple, rand_demon_pan_entry_8, hell_entry,
          serial_corexii_hall, corexii_hall_statues_i, corexii_hall_statues_i,
          corexii_hall_statues_t, corexii_hall_statues_l,
          minmay_stone_trees_small, serial_shops, statue_bzr
Depths:4: hangedman_crystal_crosses_colossus, abyss_entry, hell_entry,
          serial_shops
Depths:5: grunt_zot_entry_bicorn, enter_ziggurat_c, bh_walls_and_bars,
          pf_hell_entry_tar_spiral, spider_trap, minmay_shop_grove
Dis:2:    kennysheep_iron_temple, hangedman_dis_chains, lemuel_elevator
Dis:4:    hangedman_iron_city_apartments
Dis:7:    iron_city_of_dis, nicolae_dis_strange_trophy_room
Tar:1:    nicolae_tar_cuneiform_not, nicolae_tar_cuneiform_bird
Tar:2:    grunt_tartarus_stairs_gauntlet_trap, grunt_megastairs_4
Tar:4:    nicolae_tar_cuneiform_oil
Tar:5:    nicolae_tar_cuneiform_to_be
Tar:7:    tar_grunt_cathedral
Zot:2:    hangedman_zot_decor_checkerboard
Bazaar:   grunt_bazaar_doublecross, bazaar_minmay_generic_island
Trove:    trove_jewellery_lava
Ossuary:  ossuary_zaba_two_paths
